 Dungeon Sprint DCSS version 0.27-a0-75-g9f9dfd16e9 (webtiles) character file.

Game seed: 4433451353053973145

17098 jesse the Warrior (level 12, -8/132 HPs)
             Began as a Palentonga Berserker on Jan 13, 2021.
             Was the Champion of Trog.
             Mangled by a naga warrior
             ... wielding the +7 great mace of the Ten Lies {venom, *Contam rElec rPois rC+}
              (21 damage)
             ... in the Dungeon (Sprint V: "Ziggurat Sprint") on July 9, 2022.
             The game lasted 00:22:25 (2519 turns).

jesse the Warrior (Palentonga Berserker)            Turns: 2519, Time: 00:22:26

Health: -8/132     AC: 26    Str: 36    XL:     12   Next: 15%
Magic:  12/12      EV:  0    Int:  7    God:    Trog [******]
Gold:   0          SH: 32    Dex: 12    Spells: 11/11 levels left

rFire    . . .     SeeInvis +   y - +9 sword of Zonguldrok {reap}
rCold    . . .     Faith    .   x - +18 shield of the Gong {rElec rN+ Will+ EV-5}
rNeg     + . .     Spirit   .   h - +5 shadow dragon scales
rPois    .         Reflect  .   (no helmet)
rElec    +         Harm     .   (no cloak)
rCorr    .         Rampage  .   (no gloves)
Will     +....     NoTele   +   (no barding)
Stlth    ++........             (no amulet)
HPRegen  0.00/turn              s - +6 ring of strength
MPRegen  0.13/turn              t - +6 ring of strength

@: berserk cooldown, slowed, constricted, studying Axes, curled up, very slow
A: large, rugged brown scales 3, see invisible, deformed body, inhibited
regeneration, roll 1, armoured tail, reflexive curl
a: Rolling Charge, Renounce Religion, Berserk, Trog's Hand, Brothers in Arms


You were in the Dungeon.
You worshipped Trog.
Trog was exalted by your worship.
You visited 1 branch

Inventory:

Hand Weapons
 y - the +9 sword of Zonguldrok (weapon) {reap}
   (You found it in the Dungeon)

   If a monster killed with it leaves a corpse in good enough shape, the corpse
   is reanimated as a zombie friendly to the killer.
Armour
 h - +5 shadow dragon scales (worn)
 i - a +3 tower shield
 x - the +18 shield of the Gong (worn) {rElec rN+ Will+ EV-5}
   (You found it in the Dungeon)

   It affects your evasion (-5).
   It insulates you from electricity.
   It protects you from negative energy.
   It affects your willpower, your defense against some magical effects.
Jewellery
 a - a +4 ring of slaying
 c - an uncursed ring of magical power
 p - an uncursed ring of flight
 q - a +6 ring of intelligence
 s - a +6 ring of strength (left hand)
 t - a +6 ring of strength (right hand)
 D - an uncursed amulet of faith
 E - the ring of Hoeffot {Will+ Dex+2}
   (You found it in the Dungeon)

   [ring of willpower]

   It affects your dexterity (+2).
   It affects your willpower, your defense against some magical effects.
 F - the ring of the Final Persimmons {Fire rPois Will+ Int+4}
   (You found it in the Dungeon)

   [ring of fire]

   It enhances your fire magic.
   It affects your intelligence (+4).
   It protects you from fire.
   It makes you vulnerable to cold.
   It protects you from poison.
   It affects your willpower, your defense against some magical effects.
 G - the ring of Wonder {+Fly rN++}
   (You found it in the Dungeon)

   [ring of flight]

   It greatly protects you from negative energy.
   It lets you fly.
Wands
 u - a wand of disintegration (7)
 v - a wand of iceblast (2)
 w - a wand of acid (7)
Scrolls
 g - 4 scrolls of blinking
 l - 7 scrolls of fog
 A - 5 scrolls of identify
 B - 5 scrolls of remove curse
 C - a scroll of fear
Potions
 b - 5 potions of curing
 d - 6 potions of haste
 e - 7 potions of magic
 f - 3 potions of berserk rage
 j - 2 potions of invisibility
 k - 4 potions of resistance
 m - 5 potions of might
Books
 o - a manual of Axes
Miscellaneous
 n - a condenser vane
 r - a tin of tremorstones (2/2)


   Skills:
 - Level 16.4 Fighting
 - Level 15.2 Long Blades
 * Level 7.8 Axes
 + Level 14.8 Armour
 - Level 1.5 Dodging
 - Level 11.2 Shields
 - Level 3.0 Unarmed Combat
 + Level 0.6 Evocations


You had 11 spell levels left.
You didn't know any spells.
Your spell library was empty.

Dungeon Overview and Level Annotations

Branches:
Dungeon (1/1)

Altars:
Ashenzari
Cheibriados
Dithmenos
Elyvilon
Fedhas
Gozag
Hepliaklqana
Kikubaaqudgha
Makhleb
Nemelex Xobeh
Okawaru
Qazlal
Ru
Sif Muna
Trog
Uskayaw
Vehumet
Wu Jian
Xom
Yredelemnul
Zin
The Shining One
Beogh
Jiyva
Lugonu


Innate Abilities, Weirdness & Mutations

You are completely covered in rugged brown scales. (AC +3, +7% HP)
You have supernaturally acute eyesight. (SInv)
Armour fits poorly on your strangely shaped body.
You can roll at nearby foes to attack.
You have a long armoured tail.
You curl defensively after being hit.
You do not regenerate when monsters are visible.


Message History

Unknown command.
You feel better.
Your anaconda zombie bites the guardian serpent!
Your anaconda zombie constricts the guardian serpent.
The guardian serpent casts a spell at you.
You resist with almost no effort.
Your anaconda zombie bites the guardian serpent but does no damage.
Your anaconda zombie constricts the guardian serpent.
The naga warrior spits poison at you. You block the splash of poison.
PTOANNNG!
* * * LOW HITPOINT WARNING * * *
The naga warrior constricts you. You block the ball python's attack.
GONNNNG!
You block the guardian serpent's attack.
GONNNNG!
Your anaconda zombie bites the guardian serpent.
Your anaconda zombie constricts the guardian serpent.
The naga warrior hits you with the +7 great mace of the Ten Lies {venom, *Contam rElec rPois rC+}!!
You die...

▓.▓....▓.▓.▓
▓...=[:)))..▓...©....▓..
▓....†......▓▓▓▓▓▓▓▓▓▓▓▓
▓.....†.....▓...8©8...▓.
▓.......... ▓..|}.|...▓.
........ ▓....[}...▓.
▓..... ▓.........▓.
▓▓.SS▓▓ ▓.........▓.
▓..▓..Z@.▓..▓...).....▓.
▓.....N)†...▓.........▓.
▓▓▓▓▓▓▓▓▓▓▓▓▓.▓.....▓.▓.
▓....8©8....▓....©....▓.
▓...:[|:[[..▓▓▓▓▓▓▓▓▓▓▓▓
▓....||.....▓...8©8...▓.
▓...........▓..)[[:)..▓.
▓...........▓...:[....▓.
▓....)).....▓....§....▓.


You could see a naga warrior (catching breath), a guardian serpent, a ball
python and a friendly anaconda zombie.

Vanquished Creatures
  A blood saint (D)
  A black draconian (D)
  A mummy priest (D)
  A naga warrior (D)
  An anaconda (D)
  A soul eater (D)
  A skeletal warrior (D)
  A deep elf archer (D)
  A deep elf mage (D)
  3 draconians (D)
  3 black mambas (D)
  A rust devil (D)
  A naga mage (D)
  A cane toad (shapeshifter) (D)
  An orange demon (D)
  An ice devil (D)
  A guardian mummy (D)
  3 merfolk (D)
  A redback (D)
  A spriggan (D)
  A naga (D)
  2 water moccasins (D)
  A crimson imp (D)
  2 quasits (D)
  2 iron imps (D)
  4 mummies (D)
  5 adders (D)
  A white imp (D)
  2 ufetubi (D)
  An adder zombie (D)
  2 bat zombies (D)
  3 ball pythons (D)
  A quokka skeleton (D)
53 creatures vanquished.

Vanquished Creatures (collateral kills)
  A warmonger (D)
  A lorocyproca (D)
  A soul eater (D)
  A sixfirhy (D)
  A skeletal warrior (D)
  2 spriggan druids (D)
  A necromancer (D)
  2 ugly things (D)
  A guardian serpent (D)
  A naga mage (D)
  An orange demon (D)
  A komodo dragon (D)
  2 hellwings (D)
  An ice devil (D)
  2 hornets (D)
  A blink frog (shapeshifter) (D)
  A raiju (D)
  2 spriggans (D)
  A shadow (D)
  2 neqoxecs (D)
  A small abomination (D)
  A large abomination (D)
  A black bear (D)
  An ice beast (D)
  2 wolves (D)
  4 crimson imps (D)
  2 iron imps (D)
  A mummy (D)
  An adder (D)
  2 white imps (D)
  2 adder skeletons (D)
  2 bat zombies (D)
  A leopard gecko zombie (D)
47 creatures vanquished.

Vanquished Creatures (others)
  A water moccasin (D)
1 creature vanquished.

Grand Total: 101 creatures vanquished

Notes
Turn   | Place    | Note
-------+----------+-------------------------------------------
     0 | D        | jesse the Palentonga Berserker began the quest for the Orb.
     0 | D        | Reached XP level 1. HP: 20/20 MP: 1/1
     0 | D        | Found a blossoming altar of Fedhas.
     1 | D        | Found the +6 Majin-Bo {vamp, MP+6 Int+6}
     1 | D        | Found the +9 heavy crossbow "Sniper" {vorpal, Acc+∞ SInv}
     1 | D        | Found the +10 dark maul {vorpal}
     1 | D        | Found the +15 Maxwell's patent armour {-Cast -Tele rElec
                  | Will+ rCorr}
     1 | D        | Found the +18 shield of the Gong {rElec rN+ Will+ EV-5}
     1 | D        | Found the cursed +14 obsidian axe {vorpal, +Fly SInv
                  | *Curse}
     1 | D        | Found the +7 great mace "Firestarter" {inner flame, rF++}
     1 | D        | Found the +6 shillelagh "Devastator" {shatter}
     1 | D        | Found the +11 plutonium sword {*Contam Stlth-}
     1 | D        | Found the +8 lance "Wyrmbane" {slay drac, rPois rF+ rC+
                  | AC+3}
     1 | D        | Found the +9 sword of Zonguldrok {reap}
     1 | D        | Found the cursed +13 scythe of Curses {drain, *Curse}
     1 | D        | Found the +5 sword of Power {vorpal}
     1 | D        | Found the +7 mace of Variability {chain chaos}
     1 | D        | Found the +7 Singing Sword {vorpal, sonic wave}
     1 | D        | Found the +8 storm bow {elec, penet}
     1 | D        | Found a transporter.
     1 | D        | Found a viscous altar of Jiyva.
     1 | D        | Found an ancient bone altar of Kikubaaqudgha.
     1 | D        | Found a hazy altar of Hepliaklqana.
     1 | D        | Found a corrupted altar of Lugonu.
     1 | D        | Found an opulent altar of Gozag.
     1 | D        | Found a burning altar of Makhleb.
    24 | D        | Found a shimmering blue altar of Sif Muna.
    24 | D        | Found a sacrificial altar of Ru.
    24 | D        | Found a bloodstained altar of Trog.
    24 | D        | Found a stormy altar of Qazlal.
    24 | D        | Found an iron altar of Okawaru.
    24 | D        | Found a sparkling altar of Nemelex Xobeh.
    24 | D        | Banished a spatial maelstrom
    72 | D        | Reached skill level 5 in Fighting
    72 | D        | Reached skill level 5 in Long Blades
    72 | D        | Reached XP level 2. HP: 31/31 MP: 2/2
    99 | D        | Entered arena 2.
    99 | D        | Noticed a deep elf mage
    99 | D        | Noticed a deep elf archer
    99 | D        | Found a transporter.
   102 | D        | Killed a deep elf mage
   103 | D        | Reached skill level 11 in Fighting
   103 | D        | Reached skill level 10 in Long Blades
   103 | D        | Reached XP level 3. HP: 48/50 MP: 3/3
   103 | D        | Reached XP level 4. HP: 55/58 MP: 4/4
   103 | D        | Reached XP level 5. HP: 61/64 MP: 5/5
   103 | D        | Reached XP level 6. HP: 69/72 MP: 6/6
   109 | D        | Killed a deep elf archer
   109 | D        | Reached ** piety under Trog
   110 | D        | Reached skill level 13 in Fighting
   110 | D        | Gained mutation: You curl defensively after being hit.
                  | [Palentonga growth]
   110 | D        | Reached XP level 7. HP: 70/84 MP: 7/7
   264 | D        | Entered arena 3.
   264 | D        | Noticed a merfolk
   264 | D        | Noticed a merfolk
   264 | D        | Noticed a merfolk
   264 | D        | Found a transporter.
   274 | D        | Killed a merfolk
   275 | D        | Reached XP level 8. HP: 83/92 MP: 8/8
   277 | D        | Killed a merfolk
   277 | D        | Reached *** piety under Trog
   281 | D        | Killed a merfolk
   282 | D        | Reached skill level 14 in Fighting
   432 | D        | Entered arena 4.
   432 | D        | Found a transporter.
   435 | D        | Reached **** piety under Trog
   481 | D        | Entered arena 5.
   481 | D        | Noticed a draconian
   481 | D        | Noticed a draconian
   481 | D        | Noticed a black draconian
   481 | D        | Noticed a draconian
   481 | D        | Found a transporter.
   485 | D        | Killed a draconian
   486 | D        | Reached XP level 9. HP: 53/102 MP: 9/9
   487 | D        | Killed a draconian
   488 | D        | Reached skill level 15 in Fighting
   492 | D        | Killed a draconian
   495 | D        | Killed a black draconian
   495 | D        | Reached ***** piety under Trog
   496 | D        | Reached skill level 5 in Armour
   496 | D        | Reached skill level 5 in Shields
   770 | D        | Entered arena 6.
   770 | D        | Found a transporter.
   773 | D        | Received a gift from Trog
   779 | D        | Entered arena 7.
   779 | D        | Noticed a cyan ugly thing
   779 | D        | Noticed a purple ugly thing
   779 | D        | Noticed a cane toad
   779 | D        | Gained mutation: You do not regenerate when monsters are
                  | visible. [a neqoxec]
   781 | D        | Noticed a yaktaur
   781 | D        | a spriggan changed into a yaktaur
   784 | D        | Killed a cane toad
   784 | D        | a yaktaur changed into a shapeshifter
   785 | D        | Reached XP level 10. HP: 114/114 MP: 10/10
   785 | D        | Found a transporter.
   785 | D        | Killed a green ugly thing
   789 | D        | Killed a purple ugly thing
   792 | D        | Reached skill level 16 in Fighting
   824 | D        | Entered arena 8.
   824 | D        | Noticed a naga mage
   824 | D        | Noticed a black mamba
   824 | D        | Noticed a black mamba
   825 | D        | Found a transporter.
   825 | D        | Killed a black mamba
   825 | D        | Received a gift from Trog
   841 | D        | Killed a black mamba
   844 | D        | Killed a naga mage
  1231 | D        | Entered arena 9.
  1231 | D        | Noticed a mummy priest
  1234 | D        | Received a gift from Trog
  1236 | D        | Found a transporter.
  1248 | D        | Killed a mummy priest
  1249 | D        | Reached skill level 15 in Long Blades
  1531 | D        | Entered arena 10.
  1531 | D        | Noticed a spriggan rider
  1531 | D        | Noticed a spriggan druid
  1531 | D        | Noticed a spriggan rider
  1531 | D        | Noticed a spriggan druid
  1536 | D        | Killed a spriggan druid
  1537 | D        | Found a transporter.
  1540 | D        | Killed a spriggan druid
  1541 | D        | Received a gift from Trog
  1542 | D        | Reached XP level 11. HP: 91/123 MP: 11/11
  1568 | D        | Entered arena 11.
  1568 | D        | Noticed a soul eater
  1570 | D        | Found a transporter.
  1576 | D        | Received a gift from Trog
  1584 | D        | Reached ****** piety under Trog
  1590 | D        | Killed a soul eater
  1921 | D        | Entered arena 12.
  1921 | D        | Noticed a torturous blood saint
  1921 | D        | Noticed a soul eater
  1922 | D        | Noticed a sixfirhy
  1922 | D        | Noticed a monstrous warmonger
  1935 | D        | Killed a soul eater
  1936 | D        | Reached skill level 10 in Armour
  1946 | D        | Killed a monstrous warmonger
  1949 | D        | Killed a sixfirhy
  1953 | D        | Reached skill level 10 in Shields
  1953 | D        | Killed a torturous blood saint
  1954 | D        | Found a transporter.
  1955 | D        | Received a gift from Trog
  2385 | D        | Entered arena 13.
  2385 | D        | Noticed a lorocyproca
  2389 | D        | Identified the amulet of Lycoubb {Reflect +Fly rC++ rN+
                  | SH+5}
  2389 | D        | Noticed a necromancer
  2391 | D        | Killed a lorocyproca
  2392 | D        | Found a transporter.
  2392 | D        | Received a gift from Trog
  2394 | D        | Killed a necromancer
  2416 | D        | Entered arena 14.
  2418 | D        | Reached skill level 1 in Axes
  2418 | D        | Noticed a skeletal warrior
  2418 | D        | Noticed a skeletal warrior
  2418 | D        | Received a gift from Trog
  2419 | D        | Found a transporter.
  2428 | D        | Killed a skeletal warrior
  2431 | D        | Killed a skeletal warrior
  2431 | D        | Received a gift from Trog
  2439 | D        | Got the ring of Hoeffot {Will+ Dex+2}
  2444 | D        | Got the ring of the Final Persimmons {Fire rPois Will+
                  | Int+4}
  2447 | D        | Got the ring of Wonder {+Fly rN++}
  2454 | D        | Entered arena 15.
  2491 | D        | Noticed a naga warrior
  2491 | D        | Noticed a naga warrior
  2492 | D        | Noticed an anaconda
  2492 | D        | Identified the +2 rapier "Fopsunt" {venom, Will+ Str-3
                  | Stlth+}
  2492 | D        | Identified the +7 great mace of the Ten Lies {venom,
                  | *Contam rElec rPois rC+}
  2500 | D        | Killed a naga warrior
  2501 | D        | Reached skill level 5 in Axes
  2501 | D        | Reached XP level 12. HP: 127/132 MP: 12/12
  2506 | D        | Killed an anaconda
  2508 | D        | Received a gift from Trog
  2516 | D        | HP: 7/198 [poisoned by a naga warrior]
  2517 | D        | HP: 2/132 [poisoned by a naga warrior]
  2519 | D        | Mangled by a naga warrior

Illustrated notes

Levels and vault maps discovered:
D:        sprint_v [room_start, room_1, room_2, room_3, room_4, room_5, room_6,
          room_7, room_8, room_9, room_10, room_11, room_12, room_13, room_14,
          room_15, room_16, room_17, room_18, room_19, room_20, room_21,
          room_22, room_23, room_24, room_25, room_26, room_27]

Skill      XL: |  1  2  3  4  5  6  7  8  9 10 11 12 |
---------------+-------------------------------------+-----
Fighting       | 5 11 13 14 15 16 | 16.4
Long Blades    | 5 10 11 12 13 15 | 15.2
Armour         | 2 5 8 13 14 | 14.8
Shields        | 2 5 7 11 | 11.2
Axes           | 5 7 |  7.8
Dodging        | |  1.5
Unarmed Combat | |  3.0
Evocations     | |  0.6

Action                   |  1- 3 |  4- 6 |  7- 9 | 10-12 || total
-------------------------+-------+-------+-------+-------++-------
Melee: Double sword      |     2 |     4 |    39 |    96 ||   141
       Tailslap          |     1 |     1 |     6 |    17 ||    25
       Punch             |       |       |       |     1 ||     1
Invok: Berserk           |     1 |       |     4 |     4 ||     9
       Trog's Hand       |       |       |     2 |     2 ||     4
       Brothers in Arms  |       |       |     1 |     8 ||     9
 Abil: Rolling Charge    |       |       |     4 |     1 ||     5
Evoke: Wand              |       |       |       |     5 ||     5
  Use: Potion            |     1 |       |       |    23 ||    24
       Scroll            |       |       |       |     2 ||     2
 Stab: Distracted        |       |       |       |     1 ||     1
Armor: Shadow dragon sca |     1 |       |    31 |   123 ||   155
Dodge: Dodged            |       |     1 |    17 |    31 ||    49
Block: Kite shield       |       |       |       |   138 ||   138
       Rpst.: Double sword |       |       |     6 |     7 ||    13

Table legend: (Time is in decaauts)
 A = Elapsed time spent in this place.
 B = Non-inter-level travel time spent in this place.
 C = Inter-level travel time spent in this place.
 D = Time resting spent in this place.
 E = Time spent auto-exploring this place.
 F = Levels seen in this place.
 G = Mean time per level.
                   A        B        C        D        E       F      G
               +--------+--------+--------+--------+--------+-----+--------+
         Total |   2550 |   2550 |      0 |   2074 |     38 |   1 | 2550.0 |
       Dungeon |   2550 |   2550 |      0 |   2074 |     38 |   1 | 2550.0 |
               +--------+--------+--------+--------+--------+-----+--------+

Top non-repeatable levels by time:
       D: 2550 daAuts
